 Dungeon Crawl Stone Soup version 0.29-a0-323-g050149af67 (webtiles) character file.

Game seed: 507709807845057611

962 Jortsu the Chopper (level 7, -2/55 HPs)
             Began as a Demonspawn Fighter on Apr 12, 2022.
             Slain by a two-headed ogre
             ... wielding a +1 dire flail of protection
              (25 damage)
             ... on level 4 of the Dungeon.
             The game lasted 00:06:31 (3517 turns).

Jortsu the Chopper (Demonspawn Fighter)             Turns: 3517, Time: 00:06:31

Health: -2/55      AC: 10    Str: 25    XL:     7   Next: 92%
Magic:  7/7        EV:  9    Int:  9    God:
Gold:   245        SH: 15    Dex: 14    Spells: 6/6 levels left

rFire   . . .      SeeInvis .   a - +0 war axe
rCold   . . .      Faith    .   y - +0 kite shield
rNeg    . . .      Spirit   .   b - +0 scale mail
rPois   +          Reflect  .   o - +0 helmet
rElec   .          Harm     +   f - scarf {harm}
rCorr   .          Rampage  .   (no gloves)
Will    .....                   p - +1 pair of boots
Stlth   ..........              (no amulet)
HPRegen 0.18/turn               e - +6 ring of strength
MPRegen 0.10/turn               v - ring of flight

@: flying
A: large bone plates 2, spiny 1, agile 1, poison resistance
a: no special abilities


You were on level 4 of the Dungeon.
You visited 1 branch of the dungeon, and saw 6 of its levels.

You collected 245 gold pieces.

Inventory:

Hand Weapons
 a - a +0 war axe (weapon)
Missiles
 m - 2 throwing nets (quivered)
Armour
 b - a +0 scale mail (worn)
 f - a scarf of harm (worn)
 o - a +0 helmet (worn)
 p - a +1 pair of boots (worn)
 y - a +0 kite shield (worn)
Jewellery
 e - a +6 ring of strength (left hand)
 r - a ring of wizardry
 v - a ring of flight (right hand)
Wands
 w - a wand of paralysis (8)
 x - a wand of acid (9)
 z - a wand of flame (30)
Scrolls
 c - a scroll of noise {unknown}
 h - 2 scrolls of teleportation
 q - a scroll of amnesia
Potions
 d - 2 potions of might
 g - a potion of resistance
 i - 3 potions of berserk rage {unknown}
 j - a potion of curing {unknown}
 k - 2 potions of brilliance {unknown}
 l - 2 potions of heal wounds
 n - a potion of ambrosia {unknown}
 s - a potion of invisibility {unknown}
 t - 3 potions of lignification {unknown}
 u - a potion of magic {unknown}


   Skills:
 + Level 4.7 Fighting
 + Level 5.4 Axes
 + Level 3.8 Armour
 + Level 2.1 Dodging
 + Level 0.3 Stealth
 + Level 4.8 Shields


You had 6 spell levels left.
You didn't know any spells.
Your spell library contained the following spells:

 Spells                   Type           Power      Damage    Failure   Level
 Corpse Rot               Necr/Air       0%         N/A       99%         2
 Poisonous Vapours        Pois/Air       0%         N/A       99%         2
 Sublimation of Blood     Necr           0%         N/A       99%         2
 Wereblood                Tmut           0%         N/A       99%         2
 Gell's Gravitas          Tloc           0%         N/A       100%        3
 Teleport Other           Tloc           0%         N/A       100%        3
 Dispersal                Tloc           0%         N/A       100%        6
 Summon Hydra             Summ           0%         N/A       100%        7


Dungeon Overview and Level Annotations

Branches:
Dungeon (6/15)
 Temple: D:4-7

Altars:
Fedhas

Annotations:
D:6 Maggie


Innate Abilities, Weirdness & Mutations

You are mostly covered in large bone plates. (SH +6)
You are partially covered in sharp spines.
You are agile. (Dex +2)
Your system is resistant to poisons. (rPois)


Message History

There is a stone staircase leading down here.
An adder comes into view.
Found a leather armour.
The adder hisses angrily.
You slash the adder!
The adder is almost dead.
You block the adder's attack. The adder is struck by your spines.
You kill the adder!
You see here an adder corpse.
A two-headed ogre comes into view.
It is wielding a +1 dire flail of protection and a +0 giant club.
The two-headed ogre shouts in stereo!
You slash the two-headed ogre!
The two-headed ogre is lightly wounded.
The two-headed ogre hits you with a +1 dire flail of protection.
The two-headed ogre barely misses you.
You slash the two-headed ogre!
The two-headed ogre is heavily wounded.
You block the two-headed ogre's attack. x2
You slash the two-headed ogre!
The two-headed ogre is severely wounded.
You block the two-headed ogre's attack.
The two-headed ogre hits you with a +0 giant club!
You hit the two-headed ogre.
The two-headed ogre is severely wounded.
You block the two-headed ogre's attack.
The two-headed ogre hits you with a +0 giant club!
You hit the two-headed ogre but do no damage.
The two-headed ogre is severely wounded.
The two-headed ogre hits you but does no damage.
You block the two-headed ogre's attack.
You hit the two-headed ogre but do no damage.
The two-headed ogre is severely wounded.
You block the two-headed ogre's attack. x2
You hit the two-headed ogre.
The two-headed ogre is almost dead.
You hit the two-headed ogre.
The two-headed ogre is almost dead.
You block the two-headed ogre's attack.
The two-headed ogre hits you with a +0 giant club!!
You die...

.............##.###......... #
...#.........#..##..#.[......
.............#......#..........
....................#......#...
.###...###.##..........#.###..#
.# #[..# #..#..........#..
.###...###..##......#
............##......#
............##..@O..#
............##..##..#
.###...###....#........ .#
#...# #....#.......##
.###...###......##...##
.....................#
.#...#..#.#......##.##
†....#....#....### .
........####.#..


You could see a two-headed ogre.

Vanquished Creatures
  An ice beast (D:5)
  A phantom (D:3)
  2 necrophages
  A scorpion (D:3)
  5 wights (D:4)
  2 hounds
  2 iguanas
  Jessica (D:2)
  Robin (D:2)
  9 adders
  An adder zombie (D:3)
  3 worms
  2 dart slugs
  10 orcs
  5 endoplasms
  5 giant cockroaches
  16 goblins
  6 hobgoblins
  3 jackals (D:1)
  10 quokkas
  4 ball pythons
  A ball python zombie (D:3)
  4 bats
  A giant cockroach zombie (D:3)
  6 kobolds
  A quokka zombie (D:3)
  7 rats
110 creatures vanquished.

Vanquished Creatures (others)
  5 plants (D:6)
  A withered plant (D:3)
6 creatures vanquished.

Grand Total: 116 creatures vanquished

Notes
Turn   | Place    | Note
-------+----------+-------------------------------------------
     0 | D:1      | Jortsu the Demonspawn Fighter began the quest for the Orb.
     0 | D:1      | Reached XP level 1. HP: 18/18 MP: 1/1
    79 | D:1      | Gained mutation: You are partially covered in sharp spines.
                  | [demonic ancestry]
    79 | D:1      | Reached XP level 2. HP: 22/24 MP: 2/2
   137 | D:1      | Reached skill level 2 in Axes
   606 | D:1      | Reached XP level 3. HP: 29/29 MP: 3/3
  1159 | D:2      | Gained mutation: You are partially covered in large bone
                  | plates. (SH +4) [demonic ancestry]
  1159 | D:2      | Reached XP level 4. HP: 37/37 MP: 4/4
  1176 | D:2      | Noticed Jessica
  1180 | D:2      | Killed Jessica
  1625 | D:2      | Noticed Robin
  1630 | D:2      | Killed Robin
  1631 | D:2      | Reached skill level 3 in Axes
  1705 | D:2      | Gained mutation: You are mostly covered in large bone
                  | plates. (SH +6) [demonic ancestry]
  1705 | D:2      | Reached XP level 5. HP: 37/42 MP: 5/5
  1935 | D:2      | Gained mutation: Your magical capacity is low. (-10% MP)
                  | [potion of mutation]
  1935 | D:2      | Gained mutation: You have a pair of small antennae on your
                  | head. [potion of mutation]
  1936 | D:2      | Lost mutation: You have a pair of small antennae on your
                  | head. [potion of mutation]
  1936 | D:2      | Lost mutation: Your magical capacity is low. (-10% MP)
                  | [potion of mutation]
  1936 | D:2      | Gained mutation: Your system is resistant to poisons.
                  | (rPois) [potion of mutation]
  1936 | D:2      | Gained mutation: You are agile. (Dex +2) [potion of
                  | mutation]
  2471 | D:4      | Noticed a phantom
  2500 | D:3      | Killed a phantom
  2501 | D:3      | Reached skill level 1 in Dodging
  2501 | D:3      | Reached XP level 6. HP: 41/48 MP: 6/6
  2530 | D:4      | Reached skill level 4 in Axes
  2596 | D:4      | Found a blossoming altar of Fedhas.
  2646 | D:4      | Reached XP level 7. HP: 46/55 MP: 7/7
  2872 | D:4      | You are sucked into a shaft and drop 2 floors!
  2887 | D:6      | Noticed Maggie
  2890 | D:5      | Entered Level 5 of the Dungeon
  2941 | D:5      | Reached skill level 5 in Axes
  3505 | D:4      | Noticed a two-headed ogre
  3517 | D:4      | Slain by a two-headed ogre

Illustrated notes

Levels and vault maps discovered:
D:1:      dpeg_arrival_round_c, layout_basic
D:2:      layout_loops_corners, uniq_jessica, uniq_robin
D:3:      layout_rooms, serial_undead, serial_undead_b, serial_undead_b,
          serial_undead_b, serial_undead_e, minmay_quadrilaterals
D:4:      layout_cave_pools, fedhas_ov_isle_minmay, minmay_misc_feat_cross,
          hangedman_decor_peaks_small, kennysheep_generic_room_8
D:5:      layout_basic
D:6:      layout_rooms, minmay_temple_entry_overgrown, kennysheep_nondescript,
          minmay_shop_grid_forest, uniq_menkaure, uniq_grinder, uniq_maggie

Skill      XL: |  1  2  3  4  5  6  7 |
---------------+----------------------+-----
Armour         | 3 |  3.8
Axes           | 2 3 4 5 |  5.4
Shields        | 3 4 |  4.8
Fighting       | 4 |  4.7
Dodging        | 1 2 |  2.1
Stealth        | |  0.3

Action                   |  1- 3 |  4- 6 |  7- 9 || total
-------------------------+-------+-------+-------++-------
Melee: War axe           |    57 |   112 |    56 ||   225
  Use: Scroll            |     3 |     5 |       ||     8
       Potion            |       |     2 |       ||     2
Armor: Scale mail        |    29 |    35 |    13 ||    77
Dodge: Dodged            |    22 |    33 |    15 ||    70
Block: Buckler           |    20 |    70 |    19 ||   109
       Kite shield       |       |       |    28 ||    28

Table legend: (Time is in decaauts)
 A = Elapsed time spent in this place.
 B = Non-inter-level travel time spent in this place.
 C = Inter-level travel time spent in this place.
 D = Time resting spent in this place.
 E = Time spent auto-exploring this place.
 F = Levels seen in this place.
 G = Mean time per level.
                   A        B        C        D        E       F      G
               +--------+--------+--------+--------+--------+-----+--------+
         Total |   3604 |   3556 |     48 |    415 |   2276 |   6 |  600.7 |
       Dungeon |   3604 |   3556 |     48 |    415 |   2276 |   6 |  600.7 |
               +--------+--------+--------+--------+--------+-----+--------+

Top non-repeatable levels by time:
     D:2: 1202 daAuts
     D:1: 797 daAuts
     D:5: 579 daAuts
     D:3: 560 daAuts
     D:4: 446 daAuts
     D:6: 17 daAuts
